 Dungeon Crawl Stone Soup version 0.30.0-5-g1a98f26d00 (webtiles) character file.

Game seed: 15314435758712319445

292 jimonade the Chopper (level 6, -3/43 HPs)
             Began as an Octopode Monk on May 11, 2023.
             Splashed by a jelly's acid (4 damage)
             ... on level 4 of the Dungeon.
             The game lasted 00:03:43 (2863 turns).

jimonade the Chopper (Octopode Monk)                Turns: 2863, Time: 00:03:44

Health: -3/43      AC: -15   Str: 12    XL:     6   Next: 33%
Magic:  6/6        EV: 14    Int: 13    God:
Gold:   148        SH:  0    Dex: 14    Spells: 5/5 levels left

rFire   . . .        a - +0 hand axe
rCold   . . .        c - orb {light}
rNeg    . . .        (helmet restricted)
rPois   .            (no amulet)
rElec   .            (no ring)
rCorr   .            (no ring)
SInv    .            (no ring)
Will    .....        (no ring)
Stlth   +            (no ring)
HPRegen 0.27/turn    (no ring)
MPRegen 0.10/turn    (no ring)
                     (no ring)

%: no passive effects
@: corroded, glowing
A: almost no armour, amphibious, 8 rings, camouflage 1, gelatinous body 1,
(nimble swimmer 1), tentacles
a: no special abilities


You were on level 4 of the Dungeon.
You visited 1 branch of the dungeon, and saw 4 of its levels.

You collected 232 gold pieces.
You spent 84 gold pieces at shops.

Inventory:

Hand Weapons
 a - a +0 hand axe (weapon)
 j - a +0 arbalest
 q - a +1 dagger of electrocution
 r - a +0 sling
Missiles
 i - 3 javelins (quivered)
 k - 9 stones
 t - 5 poisoned darts
Armour
 c - an orb of light (worn)
Jewellery
 h - a ring of magical power
 y - a ring of ice
Wands
 x - a wand of flame (23)
Scrolls
 d - a scroll of immolation {unknown}
 e - 3 scrolls of identify {unknown}
 f - a scroll of amnesia {unknown}
 g - a scroll of brand weapon {unknown}
 l - a scroll of blinking {unknown}
 m - a scroll of torment {unknown}
 n - 2 scrolls of teleportation {unknown}
 u - a scroll of vulnerability {unknown}
Potions
 b - a potion of ambrosia
 o - a potion of attraction {unknown}
 p - a potion of berserk rage {unknown}
 s - 2 potions of flight {unknown}
 v - a potion of cancellation {unknown}
 w - a potion of degeneration {unknown}
 z - a potion of might {unknown}


   Skills:
 + Level 4.1 Fighting
 + Level 5.3 Axes
 + Level 4.3 Dodging


You had 5 spell levels left.
You didn't know any spells.
Your spell library was empty.

Dungeon Overview and Level Annotations

Branches:
Dungeon (4/15)
 Temple: D:4-7

Altars:
Vehumet

Shops:
D:2 *

Annotations:
D:2 1 runed translucent door, Crazy Yiuf


Innate Abilities, Weirdness & Mutations

You cannot wear most types of armour.
You are amphibious.
You can wear up to eight rings at the same time.
Your skin changes colour to match your surroundings (Stealth+).
Your rubbery body absorbs attacks. (AC +1, EV +1)
((You are camouflaged when in or above water. (Stealth+)))
You have tentacles for arms and can constrict up to eight enemies at once.


Message History

You feel sick.
Things that are here:
a +0 scythe; a +0 robe; the human corpse of Sigmund You feel sick.
You feel sick.
You are no longer poisoned.
Things that are here:
a +0 scythe; a +0 robe; the human corpse of Sigmund You see here the felid corpse of Natasha.
You hear a distant slurping noise.
HP restored.
You see here the felid corpse of Natasha.
Things that are here:
a +0 scythe; a +0 robe; the human corpse of Sigmund You see here an adder corpse.
You open the door.
There is an open door here.
y - a ring of ice A jelly comes into view.
The jelly quivers.
A jelly is nearby!
You hit the jelly. The acid corrodes you!
Your tentacles burn!
The jelly is lightly wounded.
The jelly hits you. The acid corrodes you!
You are splashed with acid!
You hit the jelly but do no damage. The acid corrodes you!
Your tentacles burn!
The jelly is lightly wounded.
The jelly hits you. The acid corrodes you!
You are splashed with acid!
You hit the jelly but do no damage.
Your tentacles burn!
* * * LOW HITPOINT WARNING * * *
The jelly is lightly wounded.
The jelly misses you.
You hit the jelly but do no damage.
Your tentacles burn!
* * * LOW HITPOINT WARNING * * *
The jelly is lightly wounded.
The jelly hits you.
* * * LOW HITPOINT WARNING * * *
You are splashed with acid.
* * * LOW HITPOINT WARNING * * *
You hit the jelly but do no damage.
Your tentacles burn!
You die...

#...$...# #.......#
#.......# #.......#
######.......#
........###### #######.#
#J############
#@##..........
#.##..........
#.............
################..........
#.........†.)†............
####.##########.##'#######
#.# #.##.# #.#######
#.##.# #.......# ..##.#


You could see a jelly.

Vanquished Creatures
  Sigmund (D:4)
  Natasha (D:4)
  4 adders
  4 worms
  A dart slug (D:1)
  6 ball pythons
  9 bats
  7 endoplasms
  2 giant cockroaches
  5 goblins
  6 hobgoblins
  2 jackals (D:1)
  4 quokkas
  2 frilled lizards
  6 kobolds
  6 rats
66 creatures vanquished.

Notes
Turn   | Place    | Note
-------+----------+-------------------------------------------
     0 | D:1      | jimonade the Octopode Monk began the quest for the Orb.
     0 | D:1      | Reached XP level 1. HP: 16/16 MP: 1/1
   185 | D:1      | Reached XP level 2. HP: 18/21 MP: 2/2
   956 | D:2      | Found Nokid's Assorted Antiques.
   964 | D:2      | Bought a scroll labelled LIWOOD REGU for 28 gold pieces
   964 | D:2      | Bought a scroll labelled MIULUHIPLAF for 28 gold pieces
   964 | D:2      | Bought a scroll labelled PUCOTU LECOCIK for 28 gold pieces
   976 | D:2      | Reached XP level 3. HP: 26/26 MP: 3/3
  1282 | D:2      | Found a runed translucent door.
  1283 | D:2      | Noticed Crazy Yiuf
  1620 | D:2      | Reached XP level 4. HP: 32/32 MP: 4/4
  2208 | D:3      | Reached skill level 4 in Axes
  2328 | D:3      | Found a radiant altar of Vehumet.
  2699 | D:4      | Noticed Natasha
  2700 | D:4      | Noticed Sigmund
  2709 | D:4      | Killed Natasha
  2710 | D:4      | Reached XP level 5. HP: 31/37 MP: 5/5
  2717 | D:4      | Killed Sigmund
  2718 | D:4      | Reached skill level 5 in Axes
  2718 | D:4      | Reached XP level 6. HP: 30/43 MP: 6/6
  2862 | D:4      | HP: 1/43 [acid (6)]
  2863 | D:4      | Splashed by a jelly's acid

Illustrated notes

Levels and vault maps discovered:
D:1:      mushboom_english_gardens, layout_loops_ring, serial_bayou_pond_c,
          minmay_misc_feat_chi, minmay_surrounded
D:2:      kennysheep_big_flooded_room, layout_basic, serial_shops, shop,
          minmay_misc_feat_enclosed, chequers_avenue, minmay_domino_4,
          uniq_crazy_yiuf_cottage
D:3:      layout_basic, vehumet_altar_wand_db
D:4:      layout_basic, nicolae_wu_jian_glorious_leap, ebering_ghost_sewer_d,
          nicolae_shop_overcharged_wands, uniq_sigmund, uniq_natasha

Skill      XL: |  1  2  3  4  5 |
---------------+----------------+-----
Axes           | 4 5 |  5.3
Dodging        | 4 |  4.3
Fighting       | 4 |  4.1

Action                     |  1- 3 |  4- 6 || total
---------------------------+-------+-------++-------
  Melee: Hand axe          |    73 |    51 ||   124
         Constrict         |    20 |    14 ||    34
         Tentacles         |     8 |    11 ||    19
         Punch             |     1 |     3 ||     4
   Stab: Sleeping          |     3 |     1 ||     4
 Armour: Skin              |     4 |       ||     4
  Dodge: Dodged            |    42 |    33 ||    75
